Map: World of Sleepers LE

Players

Blask - Winner!

  • Race: Protoss Protoss
  • Spawn Location: 1:00

Chappy

  • Race: Zerg Zerg
  • Spawn Location: 7:00

Event: NationWars 2019

VOD

Have the link to the VOD?

Description

Time

  • Played on: Oct. 4, 2019, 2:36 p.m.
  • Length: 9:15
Show
View Real Time Build Order
Export as new Build Order

Blask Protoss - Winner!

Build Orders:  

Get SALT Encoding   

  12  0:00  Probe  
  13  0:12  Probe  
  14  0:18  Pylon  
  14  0:24  Probe (Chrono Boost)  
  15  0:37  Probe (Chrono Boost)  
  15  0:38  Gateway  
  16  0:45  Probe (Chrono Boost)  
  16  0:47  Assimilator  
  17  0:51  Probe  
  18  1:03  Probe  
  19  1:20  Probe  
  20  1:26  Cybernetics Core  
  20  1:33  Probe  
  21  1:41  Zealot (Chrono Boost)  
  21  1:42  Gateway  
  21  1:44  Pylon  
  23  1:49  Pylon  
  23  1:51  Assimilator  
  23  2:02  Probe  
  23  2:03  Stalker (Chrono Boost)  
  26  2:14  Shield Battery  
  26  2:23  Probe  
  26  2:25  Shield Battery  
  26  2:29  Adept (Chrono Boost)  
  29  2:40  Adept  
  29  2:41  Probe  
  32  2:56  Stalker  
  32  2:57  Shield Battery  
  32  2:58  Shield Battery  
  34  3:03  Warp Gate  
  34  3:06  Pylon  
  34  3:18  Stalker  
  36  3:26  Stalker  
  36  3:49  Robotics Facility  
  36  3:50  Stalker  
  38  3:56  Stalker  
  38  4:00  Shield Battery  
  40  4:27  Shield Battery  
  40  4:28  Sentry  
  40  4:29  Nexus  
  42  4:31  Sentry  
  42  4:32  Probe  
  45  4:56  Cybernetics Core  
  45  4:59  Warp Prism (Chrono Boost)  
  45  5:05  Pylon  
  47  5:24  Immortal (Chrono Boost)  
  51  5:38  Stalker x2  
  51  5:41  Probe  
  56  5:48  Probe  
  57  5:52  Shield Battery  
  57  6:01  Immortal (Chrono Boost)  
  61  6:16  Shield Battery  
  62  6:25  Probe  
  62  6:27  Adept x2  
  66  6:39  Pylon  
  66  6:41  Pylon  
  66  6:51  Pylon  
  66  6:58  Immortal (Chrono Boost)  
  68  7:02  Sentry  
  68  7:06  Gateway  
  70  7:20  Probe  
  70  7:21  Probe  
  70  7:32  Probe  
  70  7:33  Probe  
  70  7:44  Probe  
  70  7:45  Probe  
Show
View Real Time Build Order
Export as new Build Order

Chappy Zerg 

Build Orders: Hatch First 

Get SALT Encoding   

  12  0:00  Drone  
  13  0:12  Overlord  
  13  0:18  Drone  
  14  0:31  Drone x2  
  16  0:40  Drone  
  17  0:54  Hatchery  
  17  0:56  Drone  
  17  1:00  Drone  
  18  1:10  Extractor  
  17  1:15  Spawning Pool  
  16  1:19  Drone  
  16  1:23  Drone  
  18  1:31  Drone  
  19  2:02  Zergling x6  
  19  2:05  Queen  
  24  2:14  Zergling x2  
  25  2:19  Metabolic Boost  
  25  2:22  Spine Crawler  
  25  2:23  Zergling x2  
  26  2:31  Drone  
  26  2:32  Zergling x2  
  26  2:33  Zergling x2  
  26  2:35  Spine Crawler  
  27  2:41  Spine Crawler  
  27  2:43  Queen  
  28  2:51  Overlord  
  28  2:56  Spine Crawler  
  27  2:59  Drone  
  28  3:11  Zergling x6  
  30  3:21  Drone  
  31  3:42  Zergling x10  
  31  3:47  Drone  
  35  4:03  Overlord  
  34  4:10  Queen  
  34  4:16  Drone  
  33  4:19  Zergling x6  
  36  4:39  Zergling x2  
  36  4:40  Zergling x8, Spine Crawler  
  39  4:52  Drone  
  38  4:53  Queen  
  38  4:55  Zergling x2  
  41  5:02  Zergling x4  
  43  5:12  Spine Crawler  
  43  5:13  Zergling x2  
  43  5:17  Overlord  
  43  5:30  Overlord  
  43  5:43  Overlord x2  
  43  5:48  Queen  
  45  6:00  Zergling x10  
  50  6:09  Zergling x2  
  50  6:23  Zergling x6  
  49  6:36  Zergling x4  
  46  6:46  Zergling x4  
  47  6:57  Zergling x4  
  43  7:08  Zergling x4  
  42  7:19  Zergling x4  
Tags
 
Add a new tag
Caveats
  • Supply blocks, unpowered buildings, or Contaminate may cause inaccurate times.
  • Supply counts are checked every 10 seconds.